AoeStats
← ✪

Black Forest

506812957Analyzed
1v1 RM · 18d ago on Sep 15, 2026· 76m 43s· 2 players
Game mode
Random Map
Map size
Tiny (2 player)
Population
200
Speed
Normal
Resources
Standard
Victory
Conquest
Starting age
Dark Age
Ending age
Imperial Age
RankedLock teamsTeams togetherTeam positionsShared explorationLock speedFull tech treeHidden civsTurbo modeCheats
Victory
Defeat
🇹🇷 Tatars · Türkiye
1042
+17
🇮🇹 Japanese · Italy
1071
-17
✪
7:23 Loom
9:11 Feudal Age
10:01 Double-Bit Axe
12:40 Horse Collar
18:37 Castle Age
17:10 Gold Mining
17:20 Fletching
18:26 Padded Archer Armor
19:54 Wheelbarrow
20:24 Crossbowman
22:01 Bow Saw
22:45 Bodkin Arrow
23:46 Stone Mining
24:19 Leather Archer Armor
27:00 Gold Shaft Mining
26:31 Heavy Plow
29:18 Hand Cart
29:53 Silk Armor
31:24 Town Watch
31:33 Stone Mining
36:04 Imperial Age
33:41 Elite Skirmisher
35:02 Scale Barding Armor
35:10 Forging
36:48 Chain Barding Armor
37:11 Conscription
37:05 Bracer
37:36 Ring Archer Armor
37:44 Crop Rotation
37:42 Ballistics
38:25 Chemistry
38:41 Bloodlines
38:32 Husbandry
37:56 Light Cavalry
38:10 Heavy Cavalry Archer
40:03 Masonry
39:36 Treadmill Crane
41:03 Timurid Siegecraft
41:44 Plate Barding Armor
41:47 Iron Casting
40:39 Hussar
41:54 Town Patrol
42:11 Guilds
42:30 Siege Engineers
43:36 Onager
64:08 Guard Tower
64:18 Murder Holes
71:53 Bombard Tower
davidents
0:46 Loom
12:22 Feudal Age
14:21 Double-Bit Axe
18:43 Castle Age
18:15 Horse Collar
20:29 Bow Saw
22:12 Elite Skirmisher
25:29 Stone Mining
25:29 Gold Mining
25:41 Heavy Plow
27:30 Fletching
27:40 Padded Archer Armor
28:38 Bodkin Arrow
28:45 Scale Mail Armor
28:55 Forging
30:21 Leather Archer Armor
30:22 Chain Mail Armor
34:39 Imperial Age
33:26 Iron Casting
33:59 Town Watch
34:49 Wheelbarrow
35:26 Ballistics
35:17 Masonry
37:12 Conscription
37:02 Bracer
37:32 Ring Archer Armor
38:03 Blast Furnace
37:34 Plate Mail Armor
38:30 Two-Man Saw
38:51 Kataparuto
37:55 Elite Samurai
38:48 Squires
38:34 Arson
40:01 Guard Tower
40:21 Yasama
41:38 Chemistry
41:19 Keep
40:31 Arrowslits
41:40 Thumb Ring
45:08 Hoardings
45:33 Siege Engineers
45:27 Murder Holes
Connection lost

Rejoining the realm…

Still unreachable

The connection could not be restored.

Session expired

The server has moved on; the page needs a fresh start.